 Dungeon Crawl Stone Soup version 0.22-a0-571-g4a923d4b9e (webtiles) character file.

5915 Banto the Covert (level 10, -5/84 HPs)
             Began as an Octopode Earth Elementalist on June 30, 2018.
             Was a Believer of Sif Muna.
             Slain by a killer bee (8 damage)
             ... on level 9 of the Dungeon on July 1, 2018.
             The game lasted 00:19:38 (10470 turns).

Banto the Covert (Octopode Earth Elementalist)     Turns: 10470, Time: 00:19:39

Health: -5/84      AC:  1    Str: 12    XL:     10   Next: 83%
Magic:  13/13      EV: 13    Int: 22    God:    Sif Muna [**....]
Gold:   533        SH:  6    Dex: 12    Spells: 6/13 levels left

rFire    . . .     SeeInvis .   E - +2 short sword (elec)
rCold    . . .     Gourm    .   (no shield)
rNeg     . . .     Faith    .   (helmet restricted)
rPois    .         Spirit   .   v - +6 amulet of reflection
rElec    .         Reflect  +   x - ring of loudness (curse)
rCorr    .         Harm     .   y - ring of stealth
MR       .....                  (no ring)
Stlth    ..........             (no ring)
HPRegen  0.24/turn              (no ring)
MPRegen  0.13/turn              (no ring)
                                (no ring)
                                (no ring)

@: berserking (expiring), lethally poisoned (-5 -> -11), very quick
A: almost no armour, stealthy swim, amphibious, 8 rings, constrict 8, camouflage
1, gelatinous body 1
a: Divine Energy, Renounce Religion


You were on level 9 of the Dungeon.
You worshipped Sif Muna.
Sif Muna was pleased with you.
You were hungry.

You visited 1 branch of the dungeon, and saw 9 of its levels.
You also visited: Sewer.

You collected 595 gold pieces.
You spent 62 gold pieces at shops.

Inventory:

Hand Weapons
 f - a +1 dagger of pain
 h - a +5 dagger
 i - a +3 whip of flaming
 E - a +2 short sword of electrocution (weapon)
Missiles
 b - 68 stones (quivered)
Armour
 p - a +0 buckler
Jewellery
 v - a +6 amulet of reflection (around mantle)
 x - a cursed ring of loudness (left tentacle)
 y - a ring of stealth (right tentacle)
 F - an uncursed ring of ice
Wands
 r - a wand of iceblast (7)
 t - a wand of acid (8)
 w - a wand of polymorph (32)
Scrolls
 k - 2 scrolls of magic mapping
 n - 5 scrolls of remove curse
 q - 3 scrolls of fear
 s - a scroll of amnesia
 u - a scroll of enchant armour
 A - 2 scrolls of enchant weapon
 C - 2 scrolls of teleportation
Potions
 a - 3 potions of might
 d - 7 potions of curing
 g - a potion of haste {unknown}
 j - 6 potions of flight
 l - a potion of resistance {unknown}
 m - 5 potions of heal wounds
 o - 3 potions of lignification
 z - a potion of degeneration {unknown}
 B - a potion of invisibility {unknown}
 D - 2 potions of agility {unknown}
Comestibles
 c - 21 rations


   Skills:
 + Level 8.5 Short Blades
 - Level 2.0 Dodging
 - Level 12.4 Stealth
 - Level 2.0 Spellcasting
 + Level 7.1 Transmutations
 - Level 8.0 Earth Magic


You had 6 spell levels left.
You knew the following spells:

 Your Spells              Type           Power        Failure   Level  Hunger
a - Sandblast             Erth           #####.       1%          1    #......
b - Passwall              Tmut/Erth      #####...     1%          2    ##.....
c - Petrify               Tmut/Erth      #####...     6%          4    #####..

Your spell library contained the following spells:

 Spells                   Type           Power        Failure   Level  Hunger
 Summon Small Mammal      Summ           #...         14%         1    #......
 Summon Ice Beast         Ice/Summ       #.......     80%         4    #####..
 Call Imp                 Summ           #.......     21%         2    ##.....
 Stone Arrow              Conj/Erth      ###...       8%          3    ###....
 Call Canine Familiar     Summ           #.......     38%         3    ###....
 Lee's Rapid Deconstruct  Erth           #####.....   14%         5    ######.
 Summon Lightning Spire   Summ/Air       #.......     80%         4    #####..
 Summon Guardian Golem    Hex/Summ       #.......     38%         3    ###....


Dungeon Overview and Level Annotations

Branches:
Dungeon (9/15)             Temple (0/1) D:7
   Lair: D:8-11         Orc: D:9-12

Altars:
Ashenzari
Dithmenos
Fedhas
Hepliaklqana
Nemelex Xobeh
Qazlal
Sif Muna
Trog
Uskayaw
Vehumet
Xom
Zin
The Shining One

Shops:
D:4 *:=%   D:8 %

Annotations:
D:6 3 runed doors, exclusion: player ghost, ciphuk's ghost, novice MfMo; temitten's ghost, novice GrFi
D:9 exclusion: 3 killer bees


Innate Abilities, Weirdness & Mutations

You cannot wear most types of armour.
You are very stealthy in the water. (Stealth+)
You are amphibious.
You can wear up to eight rings at the same time.
You can use your tentacles to constrict eight enemies at once.
Your skin changes colour to match your surroundings (Stealth+).
Your rubbery body absorbs attacks. (AC +1, EV +1)


Message History

Your Transmutations skill increases to level 7!
The killer bee stings you!
* * * LOW HITPOINT WARNING * * *
You are lethally poisoned!
The killer bee poisons you!
You take 9 damage, and have 4/84 hp.
You miss the killer bee. Your grab misses the killer bee.
The killer bee misses you.
You puncture the killer bee! Your grab misses the killer bee.
Your squeeze misses the killer bee.
The killer bee is severely wounded.
* * * LOW HITPOINT WARNING * * *
You feel sick. The killer bee closely misses you. x2
You take 1 damage, and have 3/84 hp.
You puncture the killer bee!
Lightning courses through the killer bee!
You kill the killer bee!
Sif Muna accepts your kill. The killer bee stings you!
You die...

.######........#####
## #...####.....#
#.#.#....###.#
#.#.#.##.## .# ####
###
#.#.#.#...##.#.....
....
#......._..........
....
.#.##...#.#.##..
#### #
##.##†#.#...y.##
#.###yy@.#........#
#.....####.y_.....#
#####......y......
..######...y. ..##
..O ### #.# #.# #.#
#.#


You could see 2 killer bees.

Vanquished Creatures
  Erolcha (D:9)
  2 two-headed ogres
  A troll (D:9)
  2 hippogriffs
  A spriggan (D:8)
  4 sky beasts
  A phantom (D:9)
  An ice beast (D:2)
  4 orc warriors
  3 ogres
  2 centaurs
  3 bullfrogs
  A big kobold (Sewer)
  Blork the orc (D:4)
  A scorpion (D:7)
  A water moccasin skeleton (D:5)
  A killer bee (D:9)
  A crimson imp (D:8)
  3 hounds
  3 jellies
  10 orc wizards
  A quasit (D:5)
  A bullfrog skeleton (D:5)
  5 orc priests
  An iguana (D:7)
  6 worker ants
  A killer bee zombie (D:6)
  A hound zombie (D:6)
  A hound skeleton (D:4)
  A worker ant zombie (D:5)
  Robin (D:4)
  6 gnolls
  15 adders
  2 river rats (Sewer)
  A howler monkey skeleton (D:7)
  A shadow imp (D:6)
  An ooze (D:4)
  2 adder skeletons
  4 worms
  3 dart slugs
  10 leopard geckos
  34 orcs
  8 bats
  9 giant cockroaches
  13 goblins
  14 hobgoblins
  14 jackals
  4 quokkas
  A ball python (D:2)
  4 frilled lizards
  A jackal zombie (D:5)
  7 kobolds
  2 quokka skeletons
  13 rats
235 creatures vanquished.

Vanquished Creatures (others)
  A withered plant (D:6)
1 creature vanquished.

Grand Total: 236 creatures vanquished

Notes
Turn   | Place    | Note
-------+----------+-------------------------------------------
     0 | D:1      | Banto the Octopode Earth Elementalist began the quest for the Orb.
     0 | D:1      | Reached XP level 1. HP: 11/11 MP: 3/3
    37 | D:1      | Reached skill level 3 in Stealth
   305 | D:1      | Reached XP level 2. HP: 6/17 MP: 1/5
   909 | D:1      | Reached XP level 3. HP: 21/21 MP: 6/6
   957 | D:1      | Reached skill level 4 in Stealth
  1390 | D:2      | Reached XP level 4. HP: 18/27 MP: 7/7
  1729 | D:2      | Noticed an ice beast
  1765 | D:2      | Found a blossoming altar of Fedhas.
  1804 | D:2      | Reached skill level 5 in Stealth
  1866 | D:2      | Learned a level 2 spell: Passwall
  1871 | D:2      | Learned a level 4 spell: Petrify
  2064 | D:2      | Noticed a hand axe
  2066 | D:2      | Noticed an enchanted hand axe
  2067 | D:2      | Found a hide-covered altar of Uskayaw.
  2166 | D:3      | Noticed a hippogriff
  2245 | D:2      | Killed an ice beast
  2245 | D:2      | Reached skill level 6 in Stealth
  2245 | D:2      | Reached XP level 5. HP: 12/31 MP: 0/8
  2467 | D:3      | Reached skill level 5 in Earth Magic
  2467 | D:3      | Reached XP level 6. HP: 17/36 MP: 4/9
  2654 | D:3      | Found a glowing drain.
  2764 | Sewer    | Entered a sewer
  2894 | Sewer    | Reached skill level 7 in Stealth
  3102 | Sewer    | Found a white marble altar of Elyvilon.
  3335 | D:3      | Killed a hippogriff
  3335 | D:3      | Reached XP level 7. HP: 20/41 MP: 4/10
  3345 | D:3      | Found a sparkling altar of Nemelex Xobeh.
  3604 | D:3      | Reached skill level 8 in Stealth
  3611 | D:3      | Found a glowing golden altar of the Shining One.
  3814 | D:4      | Found Uxzimi's Food Boutique.
  4012 | D:4      | Found a stormy altar of Qazlal.
  4257 | D:4      | Found Yjiastre's Book Shoppe.
  4257 | D:4      | Noticed Blork the orc
  4341 | D:4      | Found Kitimeg's General Store.
  4345 | D:4      | Bought a potion of lignification for 42 gold pieces
  4393 | D:4      | Found Nobbey's Jewellery Shoppe.
  4398 | D:4      | Killed Blork the orc
  4403 | D:4      | Bought a cursed amulet of inaccuracy for 20 gold pieces
  4493 | D:4      | Reached skill level 9 in Stealth
  4530 | D:4      | HP: 2/41 [gnoll/club (4)]
  4799 | D:4      | Reached XP level 8. HP: 35/46 MP: 11/11
  4847 | D:4      | Found a radiant altar of Vehumet.
  4847 | D:4      | Noticed Robin
  4902 | D:4      | Killed Robin
  4987 | D:4      | Found a shadowy altar of Dithmenos.
  5092 | D:5      | Entered Level 5 of the Dungeon
  5245 | D:5      | Found a bloodstained altar of Trog.
  5271 | D:5      | Reached skill level 10 in Stealth
  5294 | D:5      | Found a deep blue altar of Sif Muna.
  5305 | D:5      | Became a worshipper of Sif Muna the Loreminder
  5751 | D:6      | Found a runed gate.
  5751 | D:6      | Found a runed gate.
  5751 | D:6      | Found a runed gate.
  5751 | D:6      | Noticed temitten's ghost (novice GrFi)
  6145 | D:6      | Reached skill level 1 in Short Blades
  6321 | D:6      | Found a hazy altar of Hepliaklqana.
  6394 | D:6      | Reached skill level 11 in Stealth
  6671 | D:6      | Noticed ciphuk's ghost (novice MfMo)
  6675 | D:6      | Upgraded the game from 0.22-a0-570-g58866f5d57 to 0.22-a0-571-g4a923d4b9e
  6708 | D:7      | Reached XP level 9. HP: 51/51 MP: 12/12
  6721 | D:7      | Noticed a two-headed ogre
  6886 | D:7      | Killed a two-headed ogre
  6886 | D:7      | Reached skill level 12 in Stealth
  7013 | D:7      | Found a staircase to the Ecumenical Temple.
  7187 | D:7      | Reached * piety under Sif Muna
  7394 | D:7      | Reached skill level 5 in Short Blades
  8075 | D:8      | Found Opixta's Food Shoppe.
  8337 | D:8      | Noticed a two-headed ogre
  8344 | D:8      | Killed a two-headed ogre
  8344 | D:8      | Reached XP level 10. HP: 56/56 MP: 8/13
  8351 | D:8      | Reached skill level 5 in Transmutations
  8556 | D:8      | Found a bloodstained altar of Trog.
  8862 | D:9      | Reached ** piety under Sif Muna
  8876 | D:9      | Found a shattered altar of Ashenzari.
  8989 | D:9      | Found a shimmering altar of Xom.
 10228 | D:9      | Found a glowing silver altar of Zin.
 10229 | D:9      | Noticed Erolcha
 10467 | D:9      | Killed Erolcha
 10467 | D:9      | HP: 4/84 [killer bee (9)]
 10470 | D:9      | Slain by a killer bee

Vault maps used:
D:1:      lightli_arrival_lavapool, minmay_misc_feat_nine_boxes,
          patterned_corridor
D:2:      nicolae_overflow_hidden_temple, dancing_weapons_uskayaw,
          minmay_tetromino_l2
D:3:      nemelex_xobeh_ov_fountains_minmay, serial_glass, glass_columns_a,
          glass_columns_c, portal_sewer_entry_f, nicolae_tso_carved_into_rock
D:4:      gammafunk_temple_overflow_statue, serial_shops, shop, shop,
          nicolae_shop_stone, kennysheep_mini, grunt_qazlal_clouds, uniq_robin,
          uniq_blork_the_orc
D:5:      lemuel_doored_altar, basic_altar, first_ration
D:6:      overflow_temple_1_default, gammafunk_ghost_cemetery,
          minmay_misc_feat_x
D:7:      temple_fountains
D:8:      lightli_temple_of_fire, serial_shops,
          nicolae_shop_temple_entry_statues_fountains, the_bakery
D:9:      ashenzari_altar_1, marbit_many_paths, overflow_temple_1_default,
          nicolae_overflow_crystal_walls, uniq_erolcha
Sewer:    sewer_kobolds

Skill      XL: |  1  2  3  4  5  6  7  8  9 10 |
---------------+-------------------------------+-----
Stealth        | 3 4 6 7 9 11 12 | 12.4
Earth Magic    | 4 5 6 8 |  8.0
Short Blades   | 2 6 8 |  8.5
Transmutations | 4 7 |  7.1
Dodging        | |  2.0
Spellcasting   | |  2.0

Action                   |  1- 3 |  4- 6 |  7- 9 | 10-12 || total
-------------------------+-------+-------+-------+-------++-------
Melee: Unarmed           |    30 |       |       |       ||    30
       Constrict         |    25 |    22 |    58 |     9 ||   114
       Tentacles         |    11 |    11 |    39 |     8 ||    69
       Club              |    53 |     3 |       |       ||    56
       Whip              |       |    70 |    16 |       ||    86
       Dagger            |       |    11 |   242 |    36 ||   289
       Short sword       |       |       |       |    45 ||    45
 Cast: Sandblast         |    18 |    14 |    24 |    16 ||    72
       Passwall          |       |     5 |     8 |     1 ||    14
       Petrify           |       |       |     6 |    12 ||    18
  Use: Scroll            |       |     6 |     8 |     2 ||    16
       Potion            |       |       |       |     2 ||     2
 Stab: Sleeping          |     8 |    18 |    32 |     8 ||    66
       Petrified         |       |       |     8 |     7 ||    15
       Distracted        |       |       |     2 |       ||     2
       Petrifying        |       |       |       |     1 ||     1
  Eat: Chunk             |     2 |     6 |    19 |     5 ||    32
       Ration            |       |       |       |     1 ||     1
Armor: Skin              |    15 |     4 |     8 |     3 ||    30
Dodge: Dodged            |    94 |    61 |   132 |    36 ||   323
Block: Other             |       |       |     8 |    12 ||    20
       Reflection        |       |       |     1 |     1 ||     2

Table legend:
 A = Spawn XP
 B = Non-spawn XP
 C = Spawn XP percentage of total XP
 D = Spawn monster count
 E = Non-spawn monster count
 F = Spawn count percentage of total count
 G = Total turns spent on level
                    A         B        C        D         E        F      G
               +---------+---------+-------+---------+---------+-------+---------
         Total |       0 |    8450 |   0.0 |       0 |     235 |   0.0 | 10470
               +---------+---------+-------+---------+---------+-------+---------
           D:1 |       0 |      44 |   0.0 |       0 |      25 |   0.0 |  1059
           D:2 |       0 |     232 |   0.0 |       0 |      26 |   0.0 |  1367
           D:3 |       0 |     350 |   0.0 |       0 |      26 |   0.0 |  1014
           D:4 |       0 |     500 |   0.0 |       0 |      44 |   0.0 |  1278
           D:5 |       0 |     550 |   0.0 |       0 |      15 |   0.0 |   630
           D:6 |       0 |     514 |   0.0 |       0 |      18 |   0.0 |  1013
           D:7 |       0 |    1606 |   0.0 |       0 |      26 |   0.0 |  1217
           D:8 |       0 |    1623 |   0.0 |       0 |      19 |   0.0 |  1135
           D:9 |       0 |    2904 |   0.0 |       0 |      27 |   0.0 |  1383
         Sewer |       0 |     127 |   0.0 |       0 |       9 |   0.0 |   374
               +---------+---------+-------+---------+---------+-------+---------

Table legend:
 A = Turns spent in this place as a percentage of turns spent in the entire game.
 B = Non-inter-level travel turns spent in this place as a percentage of non-inter-level travel turns spent in the entire game.
 C = Inter-level travel turns spent in this place as a percentage of turns spent in this place.
 D = Turns resting spent in this place as a percentage of non-inter-level travel turns spent in this place.
 E = Turns spent auto-exploring this place as a percentage of non-inter-level travel turns spent in this place.
 F = Non-inter-level travel turns spent in this place divided by the number of levels of this place that you've seen.
                   A       B       C       D       E      F
               +-------+-------+-------+-------+-------+----------------------
         Total | 100.0 | 100.0 |   3.4 |  37.4 |  37.1 | 1011.7
       Dungeon |  96.4 |  96.3 |   3.5 |  36.8 |  37.8 | 1082.6
         Sewer |   3.6 |   3.7 |   0.0 |  54.5 |  17.9 | 374.0
               +-------+-------+-------+-------+-------+----------------------

Table legend:
 A = Kills in this place as a percentage of kills in entire the game.
 B = Kills by you in this place as a percentage of kills by you in the entire game.
 C = Kills by friends in this place as a percentage of kills by friends in the entire game.
 D = Other kills in this place as a percentage of other kills in the entire game.
 E = Experience gained in this place as a percentage of experience gained in the entire game.
 F = Experience gained in this place divided by the number of levels of this place that you have seen.
                   A       B       C       D       E      F
               +-------+-------+-------+-------+-------+----------------------
         Total | 100.0 | 100.0 |   N/A |   N/A | 100.0 | 845.0
       Dungeon |  96.2 |  96.2 |   N/A |   N/A |  98.5 | 924.8
         Sewer |   3.8 |   3.8 |   N/A |   N/A |   1.5 | 127.0
               +-------+-------+-------+-------+-------+----------------------
